Map: Ruines de Seras

Players

zidar

  • Race: Zerg Zerg
  • League: Silver
  • Spawn Location: 5:00

TCSLawLiet - Winner!

  • Race: Protoss Protoss
  • League: Gold
  • Spawn Location: 9:00

VOD

Have the link to the VOD?

Description

Time

  • Played on: Nov. 24, 2015, 11:23 a.m.
  • Length: 7:04
Show
View Real Time Build Order
Export as new Build Order

zidar Zerg 

Build Orders: Hatch First 

Get SALT Encoding   

  12  0:01  Drone  
  13  0:12  Overlord  
  13  0:17  Drone  
  14  0:31  Drone x2  
  16  0:36  Drone  
  17  0:57  Hatchery  
  17  0:59  Drone  
  17  1:24  Drone  
  17  1:25  Spawning Pool  
  17  1:26  Drone  
  17  1:27  Overlord  
  18  1:43  Extractor, Drone  
  18  1:46  Drone  
  19  1:52  Extractor  
  18  2:09  Drone x2  
  20  2:17  Queen  
  20  2:19  Drone  
  23  2:25  Roach Warren  
  22  2:34  Queen  
  24  2:42  Drone  
  24  2:43  Drone  
  26  2:49  Zergling x4  
  26  2:50  Zergling x2  
  29  2:56  Metabolic Boost  
  29  3:07  Drone  
  30  3:22  Roach  
  30  3:23  Roach x2  
  30  3:26  Overlord  
  36  3:30  Overlord  
  36  3:49  Roach  
  36  3:50  Roach x2  
  36  3:52  Zergling x2  
  36  3:53  Zergling x2  
  44  4:04  Roach  
  44  4:05  Roach  
  44  4:07  Roach  
  50  4:24  Ravager  
  51  4:26  Ravager  
  34  5:13  Zergling x2  
  34  5:14  Zergling x28  
  26  5:46  Zergling x14  
  25  6:05  Zergling x2  
  21  6:30  Zergling x4  
  21  6:31  Zergling x8  
Show
View Real Time Build Order
Export as new Build Order

TCSLawLiet Protoss - Winner!

Build Orders:  

Get SALT Encoding   

  12  0:01  Probe (Chrono Boost)  
  13  0:11  Probe (Chrono Boost)  
  14  0:19  Pylon  
  14  0:22  Probe (Chrono Boost)  
  15  0:37  Probe (Chrono Boost)  
  15  0:42  Gateway  
  16  0:47  Assimilator  
  16  0:51  Probe (Chrono Boost)  
  17  1:01  Probe (Chrono Boost)  
  18  1:12  Probe (Chrono Boost)  
  19  1:22  Probe (Chrono Boost)  
  20  1:26  Assimilator  
  20  1:28  Pylon  
  20  1:31  Cybernetics Core  
  20  1:50  Probe (Chrono Boost)  
  20  1:51  Zealot  
  23  2:08  Warp Gate (Chrono Boost)  
  23  2:09  Probe (Chrono Boost)  
  24  2:16  Gateway  
  24  2:18  Sentry  
  24  2:20  Probe  
  27  2:35  Gateway, Pylon  
  27  2:45  Sentry  
  29  2:52  Gateway  
  29  2:56  Gateway  
  29  3:04  Sentry  
  31  3:18  Pylon  
  31  3:44  Pylon  
  31  3:55  Zealot  
  31  4:02  Stalker x4  
  41  4:12  Pylon  
  41  4:20  Zealot  
  43  4:34  Stalker x3  
  49  4:56  Stalker  
  49  4:57  Stalker  
  43  5:10  Stalker x2  
  47  5:29  Stalker x2  
  46  5:44  Zealot x2  
  46  5:48  Sentry  
  44  6:14  Zealot x2  
  44  6:15  Zealot x2  
  42  6:29  Zealot  
  40  6:36  Zealot x3  
  46  6:55  Zealot x2  
Tags
 
Add a new tag
Caveats
  • Supply blocks, unpowered buildings, or Contaminate may cause inaccurate times.
  • Supply counts are checked every 10 seconds.